 Dungeon Crawl Stone Soup version 0.29-a0-297-g7659ce593d (webtiles) character file.

Game seed: 14386844644775680199

1313 Dabor the Ruffian (level 8, 0/42 HPs)
             Began as a Vine Stalker Transmuter on Mar 21, 2022.
             Was a Follower of Wu Jian.
             Slain by a black bear (1 damage)
             ... on level 5 of the Dungeon.
             The game lasted 00:09:56 (4556 turns).

Dabor the Ruffian (Vine Stalker Transmuter)         Turns: 4556, Time: 00:09:57

Health: 0/42       AC: 16    Str: 16    XL:     8   Next: 58%
Magic:  0/16       EV:  8    Int: 13    God:    Wu Jian [*.....]
Gold:   242        SH:  0    Dex: 14    Spells: 13/16 levels left

rFire   . . .      SeeInvis .     - Unarmed
rCold   + . .      Faith    .   (no shield)
rNeg    . . .      Spirit   +   y - +5 chain mail of Inquiry {rC+}
rPois   .          Reflect  .   (helmet currently unavailable)
rElec   .          Harm     .   p - +1 cloak
rCorr   .          Rampage  .   j - +0 pair of gloves
Will    +....                   (boots currently unavailable)
Stlth   ..........              (no amulet)
HPRegen 0.94/turn               (no ring)
MPRegen 0.15/turn               (no ring)

@: mighty, appendages
A: horns 2, talons 2, fangs 3, regeneration 1, magic shield, antimagic bite, no
potion heal 2
a: End Transformation, Renounce Religion


You were on level 5 of the Dungeon.
You worshipped Wu Jian.
Wu Jian was aware of your devotion.
You had temporarily grown beastly horns and talons.
You visited 1 branch of the dungeon, and saw 5 of its levels.

You collected 242 gold pieces.

Inventory:

Armour
 a - a +0 robe
 j - a +0 pair of gloves (worn)
 n - a +0 helmet (melded)
 p - a +1 cloak (worn)
 r - a +0 pair of boots (melded)
 y - the +5 chain mail of Inquiry (worn) {rC+}
   (You found it on level 5 of the Dungeon)

   rC:        It protects you from cold.
Jewellery
 i - a ring of fire
Wands
 l - a wand of charming (13)
 v - a wand of digging (5)
 w - a wand of flame (23)
Scrolls
 b - a scroll of magic mapping
 c - a scroll of silence
 f - a scroll of summoning
 g - a scroll of vulnerability
 h - 4 scrolls of teleportation
 k - 3 scrolls of noise
 s - a scroll of fear
 u - a scroll of blinking
 x - a scroll of brand weapon
Potions
 d - a potion of degeneration {unknown}
 e - a potion of haste {unknown}
 m - a potion of heal wounds {unknown}
 q - 2 potions of curing {unknown}
 t - a potion of ambrosia {unknown}


   Skills:
 + Level 3.8 Fighting
 + Level 2.1 Armour
 + Level 3.8 Dodging
 + Level 5.2 Unarmed Combat
 + Level 4.9 Spellcasting
 + Level 4.6 Transmutations


You had 13 spell levels left.
You knew the following spells:

 Your Spells              Type           Power      Damage    Failure   Level
a - Beastly Appendage     Tmut           30%        N/A       45%         1
b - Wereblood             Tmut           15%        N/A       58%         2

Your spell library contained the following spells:

 Spells                   Type           Power      Damage    Failure   Level
 Spider Form              Tmut/Pois      9%         N/A       98%         3
 Blink                    Tloc           6%         N/A       99%         2
 Ice Form                 Ice/Tmut       9%         N/A       100%        4
 Manifold Assault         Tloc           3%         N/A       100%        5
 Storm Form               Tmut/Air       4%         N/A       100%        7


Dungeon Overview and Level Annotations

Branches:
Dungeon (5/15)             Temple (0/1) D:4

Altars:
Ashenzari
Sif Muna
Wu Jian

Shops:
D:4 [

Annotations:
D:5 Duvessa


Innate Abilities, Weirdness & Mutations

You have temporarily grown beastly horns and talons.
You have razor-sharp teeth.
Your natural rate of healing is unusually fast.
When hurt, damage is shared between your health and your magic reserves.
Your bite disrupts and absorbs the magic of your enemies.
Potions cannot restore your health.


Message History

You barely miss Dowan. Your kick misses Dowan. You headbutt Dowan.
Your punch misses Dowan. Your bite misses Dowan.
Dowan is severely wounded.
You hit Dowan.
You kill Dowan!
The Council accepts your kill.
Duvessa weeps, and shakes her weapon.
Duvessa goes berserk!
Duvessa hits you with a +2 short sword of holy wrath!
Duvessa hits you with a +2 short sword of holy wrath.
You hit Duvessa. You claw Duvessa. You bite Duvessa, but do no damage.
Duvessa is lightly wounded.
Duvessa hits you with a +2 short sword of holy wrath.
You barely miss Duvessa.
Duvessa is lightly wounded.
Duvessa hits you with a +2 short sword of holy wrath!
The black bear bites you. The black bear barely misses you. x2
You hit Duvessa. Your headbutt misses Duvessa.
Duvessa is lightly wounded.
Duvessa hits you with a +2 short sword of holy wrath.
The black bear bites you but does no damage.
The black bear claws you but does no damage.
The black bear claws you.
Duvessa hits you with a +2 short sword of holy wrath!
* * * LOW HITPOINT WARNING * * *
You are too injured to fight recklessly!
You are too injured to fight recklessly!
You are too injured to fight recklessly!
You hit Duvessa. Your kick misses Duvessa. You bite Duvessa, but do no damage.
Duvessa is moderately wounded.
Duvessa hits you but does no damage. The black bear bites you.
* * * LOW HITPOINT WARNING * * *
The black bear barely misses you.
The black bear claws you but does no damage.
It was a potion of might.
You feel very mighty all of a sudden.
Duvessa hits you with a +2 short sword of holy wrath!
* * * LOW HITPOINT WARNING * * *
The black bear completely misses you. The black bear claws you.
You die...

.....######...#####.......##.....
####..........#.......#######....
######.........##### #....
####...#### ###.. #...###### *##
#........## * #.........###
#.#.........## *#...h@.......###
# #....e..........# *##
**#...............# ##..
***.................# #...
****,,.................# #...
****,,,,,.................# #...
*,,,,,,**.................## #...
,,,*****,..................###...
**** **,,,,,,,,............##...


You could see Duvessa (berserk) and a black bear.

Vanquished Creatures
  Prince Ribbit (D:5)
  Sigmund (D:5)
  A sky beast (D:5)
  An ogre (D:3)
  2 phantoms (D:4)
  2 scorpions (D:5)
  Dowan (D:5)
  2 hounds (D:5)
  3 jellies (D:4)
  An orc priest (D:5)
  An iguana (D:5)
  4 orc wizards
  A gnoll (D:1)
  4 adders
  A white imp (D:3)
  An ufetubus (D:4)
  A worm (D:2)
  2 dart slugs
  23 orcs
  2 ball pythons
  9 bats
  9 endoplasms
  6 giant cockroaches
  5 goblins
  9 hobgoblins
  6 quokkas
  2 frilled lizards
  7 kobolds
  7 rats
115 creatures vanquished.

Vanquished Creatures (others)
  2 plants (D:1)
2 creatures vanquished.

Grand Total: 117 creatures vanquished

Notes
Turn   | Place    | Note
-------+----------+-------------------------------------------
     0 | D:1      | Dabor the Vine Stalker Transmuter began the quest for the
                  | Orb.
     0 | D:1      | Reached XP level 1. HP: 9/9 MP: 4/4
   113 | D:1      | Reached skill level 1 in Fighting
   145 | D:1      | Reached XP level 2. HP: 10/14 MP: 3/6
   860 | D:1      | Reached XP level 3. HP: 2/18 MP: 1/7
  1739 | D:2      | Gained mutation: Your natural rate of healing is unusually
                  | fast. [Vine Stalker growth]
  1739 | D:2      | Reached XP level 4. HP: 20/22 MP: 7/9
  1795 | D:2      | Found a faded altar of an unknown god.
  1999 | D:2      | Learned a level 2 spell: Wereblood
  2114 | D:2      | Found a shimmering blue altar of Sif Muna.
  2526 | D:3      | Found an ornate altar of the Wu Jian Council.
  2536 | D:3      | Noticed an ogre
  2541 | D:3      | Killed an ogre
  2542 | D:3      | Reached XP level 5. HP: 26/26 MP: 10/10
  2547 | D:3      | Became a worshipper of the Wu Jian Council
  3029 | D:4      | Found a staircase to the Ecumenical Temple.
  3123 | D:4      | Noticed a phantom
  3134 | D:4      | Killed a phantom
  3135 | D:4      | Reached skill level 4 in Unarmed Combat
  3135 | D:4      | Reached XP level 6. HP: 27/31 MP: 5/12
  3359 | D:4      | Found Kephil Ydia's Armour Shop.
  3484 | D:4      | Reached * piety under Wu Jian
  3520 | D:4      | Found a broken altar of Ashenzari.
  3553 | D:4      | Reached XP level 7. HP: 35/35 MP: 13/13
  3953 | D:5      | Entered Level 5 of the Dungeon
  3961 | D:5      | Reached skill level 1 in Armour
  3967 | D:5      | Noticed Sigmund
  4179 | D:5      | Killed Sigmund
  4180 | D:5      | Gained mutation: You have razor-sharp teeth. [Vine Stalker
                  | growth]
  4180 | D:5      | Reached XP level 8. HP: 29/40 MP: 10/15
  4233 | D:5      | Noticed Prince Ribbit
  4254 | D:5      | Killed Prince Ribbit
  4255 | D:5      | Reached skill level 5 in Unarmed Combat
  4522 | D:5      | Identified the +5 chain mail of Inquiry {rC+}
  4543 | D:5      | Noticed Duvessa
  4543 | D:5      | Noticed Dowan
  4551 | D:5      | Killed Dowan
  4556 | D:5      | HP: 1/42 [Duvessa/+2 short sword of holy wrath (8)]
  4556 | D:5      | Slain by a black bear

Illustrated notes

Levels and vault maps discovered:
D:1:      eino_arrival_tree_alley, layout_basic, nicolae_grassy_gnolls
D:2:      layout_loops_ring, basic_altar, shapermc_ecumenical_altar_venn,
          minmay_pentomino_p2
D:3:      layout_loops_ring, nzn_wu_jian_contemplation
D:4:      minmay_angry_zag, layout_loops_ring, lemuel_coloured_pillars_altar,
          minmay_temple_entry_hall, serial_shops, nicolae_shop_advertising_works
          [nicolae_subvault_shop_adworks]
D:5:      layout_cave_pods, uniq_sigmund, uniq_duvessa, uniq_crazy_yiuf_cottage,
          uniq_prince_ribbit1

Skill      XL: |  1  2  3  4  5  6  7  8 |
---------------+-------------------------+-----
Fighting       | 1 2 3 |  3.8
Dodging        | 2 3 |  3.8
Spellcasting   | 3 4 |  4.9
Transmutations | 3 4 |  4.6
Unarmed Combat | 4 5 |  5.2
Armour         | 1 2 |  2.1

Action                   |  1- 3 |  4- 6 |  7- 9 || total
-------------------------+-------+-------+-------++-------
Melee: Unarmed           |    87 |   187 |   107 ||   381
       Bite              |    10 |    26 |    27 ||    63
       Kick              |    14 |    28 |    17 ||    59
       Headbutt          |     4 |    15 |    14 ||    33
       Punch             |     2 |     4 |     4 ||    10
 Cast: Beastly Appendage |    10 |    15 |     9 ||    34
       Wereblood         |       |     2 |     6 ||     8
Invok: Lunge             |       |     4 |    10 ||    14
  Use: Scroll            |     4 |       |     6 ||    10
       Potion            |       |     1 |     1 ||     2
 Stab: Sleeping          |     2 |     2 |     1 ||     5
Armor: Robe              |    30 |    53 |    10 ||    93
       Skin              |       |     7 |       ||     7
       Chain mail        |       |       |     9 ||     9
Dodge: Dodged            |    49 |    71 |    41 ||   161

Table legend: (Time is in decaauts)
 A = Elapsed time spent in this place.
 B = Non-inter-level travel time spent in this place.
 C = Inter-level travel time spent in this place.
 D = Time resting spent in this place.
 E = Time spent auto-exploring this place.
 F = Levels seen in this place.
 G = Mean time per level.
                   A        B        C        D        E       F      G
               +--------+--------+--------+--------+--------+-----+--------+
         Total |   4530 |   4396 |    134 |    798 |   2544 |   5 |  906.0 |
       Dungeon |   4530 |   4396 |    134 |    798 |   2544 |   5 |  906.0 |
               +--------+--------+--------+--------+--------+-----+--------+

Top non-repeatable levels by time:
     D:1: 1499 daAuts
     D:4: 983 daAuts
     D:2: 777 daAuts
     D:3: 684 daAuts
     D:5: 586 daAuts
